 Dungeon Crawl Stone Soup version 0.25-a0-930-g9f5dfa9815 (console) character file.

Game seed: 2416799515698114268, levelgen mode: deterministic

5667 nht the Grappler (level 10, -3/100 HPs)
             Began as a Troll Transmuter on May 3, 2020.
             Was a Believer of Ru.
             Slain by a cyclops (22 damage)
             ... on level 9 of the Dungeon.
             The game lasted 00:11:51 (6689 turns).

nht the Grappler (Troll Transmuter)                 Turns: 6689, Time: 00:11:52

Health: -3/100     AC: 10    Str: 21    XL:     10   Next: 47%
Magic:  10/10      EV: 17    Int: 11    God:    Ru [**....]
Gold:   146        SH:  0    Dex:  8    Spells: 2/11 levels left

rFire    + + .     SeeInvis .     - Unarmed
rCold    + + .     Gourm    +   (shield currently unavailable)
rNeg     + + +     Faith    .   (armour currently unavailable)
rPois    ∞         Spirit   .   (helmet currently unavailable)
rElec    +         Reflect  .   (cloak currently unavailable)
rCorr    +         Harm     .   (gloves unavailable)
MR       .....                  (boots unavailable)
Stlth    ..........             (amulet currently unavailable)
HPRegen  0.66/turn              (ring currently unavailable)
MPRegen  0.12/turn              (ring currently unavailable)

@: wisp-form, flying, very slightly contaminated, quick
A: tiny, unfitting armour, clumsy 1, fast metabolism 3, gourmand, regeneration
1, no stealth, inability to train dodging
a: Renounce Religion


You were on level 9 of the Dungeon.
You worshipped Ru.
Ru was pleased with you.
You were not hungry.
You were an insubstantial wisp.
You visited 2 branches of the dungeon, and saw 11 of its levels.

You collected 475 gold pieces.
You spent 329 gold pieces at shops.

Inventory:

Missiles
 a - 12 arrows
 c - 3 throwing nets
 e - 22 boomerangs (quivered)
 C - 16 poisoned darts
Armour
 b - a +0 robe (melded)
 t - a +1 cloak (melded)
Jewellery
 j - an amulet of faith (melded)
 q - a +5 ring of slaying (melded)
 w - a ring of magical power (melded)
 E - an uncursed amulet of rage
Wands
 g - a wand of flame (1)
 h - a wand of polymorph (16)
 n - a wand of enslavement (5)
 z - a wand of random effects (20)
 D - a wand of digging (5)
Scrolls
 i - a scroll of fog
 k - 2 scrolls of teleportation
 o - a scroll of enchant armour
 p - a scroll of immolation
 y - 2 scrolls of magic mapping
 A - 3 scrolls of remove curse
 B - 3 scrolls of identify
Potions
 f - 7 potions of curing
 l - 3 potions of flight
 m - a potion of haste
 r - a potion of degeneration
 s - 4 potions of lignification
 u - a potion of invisibility
 v - a potion of resistance
 x - 2 potions of heal wounds
 F - a potion of mutation
 G - a potion of might
 H - a potion of stabbing
Comestibles
 d - 19 rations


   Skills:
 + Level 6.6 Fighting
 * Level 11.4 Unarmed Combat
 - Level 1.2 Spellcasting
 + Level 6.1 Transmutations


You had 2 spell levels left.
You knew the following spells:

 Your Spells              Type           Power        Failure   Level  Hunger
a - Beastly Appendage     Tmut           ##....       2%          1    ##.....
b - Spider Form           Tmut/Pois      #.........   26%         3    ####...
c - Blade Hands           Tmut           ##........   56%         5    ######.

Your spell library contained the following spells:

 Spells                   Type           Power        Failure   Level  Hunger
 Sticks to Snakes         Tmut           ##......     3%          2    ###....
 Ice Form                 Ice/Tmut       #.......     65%         4    #####..


Dungeon Overview and Level Annotations

Branches:
Dungeon (10/15)            Temple (1/1) D:4
   Lair: D:8-11         Orc: D:9-12

Altars:
Ashenzari
Cheibriados
Dithmenos
Elyvilon
Fedhas
Gozag
Hepliaklqana
Kikubaaqudgha
Makhleb
Nemelex Xobeh
Okawaru
Qazlal
Ru
Sif Muna
Trog
Uskayaw
Vehumet
Wu Jian
Xom
Yredelemnul
Zin
The Shining One

Shops:
D:4 ?(   D:5 =   D:8 !

Annotations:
D:3 Natasha


Innate Abilities, Weirdness & Mutations

You are too large for most types of armour.
((You have claws for hands.))
You are clumsy. (Dex -2)
Your metabolism is lightning-fast.
You like to eat raw meat.
Your natural rate of healing is unusually fast.
((You are covered in fur. (AC +1)))
((You have extremely tough skin. (AC +3)))
You cannot be stealthy.
You cannot train Dodging skill.


Message History

You touch the cyclops but do no damage.
The cyclops is moderately wounded.
You hit the cyclops!
The cyclops is heavily wounded.
The cyclops hits you!!
You touch the cyclops but do no damage.
The cyclops is heavily wounded.
The cyclops barely misses you.
You hit the cyclops!
The cyclops is heavily wounded.
You touch the cyclops.
The cyclops is severely wounded.
The cyclops hits you!!
* * * LOW HITPOINT WARNING * * *
You touch the cyclops.
The cyclops is severely wounded.
You touch the cyclops.
The cyclops is severely wounded.
The cyclops hits you!!
You die...

█......█..█......
█..█████..█████..
█......█..█......
█......█..█.....
█████..█..█..████
█.((...█..█5K....
█(.....█..█Z.....
█..█████..█████..
█..v...█..█
█.C....█..█
█████..█..█
█..█..█ █..█..█
+..█..█ █..█ █..█
█.█████████


You could see a cyclops.

Vanquished Creatures
  Erica (D:8)
  Pikel (D:4)
  A troll (D:9)
  A hippogriff (D:8)
  2 hungry ghosts
  Menkaure (D:4)
  Duvessa (D:4)
  An ice beast (D:8)
  4 black bears
  A slave (D:4)
  3 phantoms
  An orc warrior (D:8)
  4 sky beasts
  3 ogres
  2 centaurs
  2 big kobolds (D:9)
  2 bullfrogs
  Dowan (D:4)
  4 scorpions
  5 killer bees (D:10)
  6 howler monkeys
  2 crimson imps
  A bullfrog zombie (D:10)
  A centaur zombie (D:5)
  5 hounds
  A jelly (D:10)
  Crazy Yiuf (D:3)
  A centaur skeleton (D:6)
  2 bullfrog skeletons
  Natasha (D:3)
  4 iguanas
  7 orc wizards
  3 worker ants
  A killer bee zombie (D:8)
  2 hound zombies
  A hound skeleton (D:6)
  2 howler monkey skeletons
  10 adders
  2 shadow imps
  An ooze (D:3)
  An adder skeleton (D:5)
  4 worms (D:2)
  2 dart slugs
  7 leopard geckos
  37 orcs
  A ball python (D:1)
  6 bats
  4 giant cockroaches
  5 goblins
  5 hobgoblins
  10 jackals
  7 kobolds
  6 quokkas
  5 frilled lizards
  A quokka zombie (D:4)
  9 rats
  A fungus (D:3)
206 creatures vanquished.

Vanquished Creatures (others)
  A hound (D:4)
  An orc (D:8)
2 creatures vanquished.

Grand Total: 208 creatures vanquished

Notes
Turn   | Place    | Note
-------+----------+-------------------------------------------
     0 | D:1      | nht the Troll Transmuter began the quest for the Orb.
     0 | D:1      | Reached XP level 1. HP: 18/18 MP: 1/1
    85 | D:1      | Reached skill level 1 in Fighting
   105 | D:1      | Reached XP level 2. HP: 25/27 MP: 2/2
   642 | D:2      | Reached XP level 3. HP: 29/33 MP: 3/3
   843 | D:2      | Found a radiant altar of Vehumet.
   848 | D:2      | Found an ornate altar of the Wu Jian Council.
   927 | D:2      | Reached skill level 4 in Unarmed Combat
  1280 | D:2      | Reached XP level 4. HP: 35/42 MP: 4/4
  1510 | D:3      | Found a shattered altar of Ashenzari.
  1548 | D:3      | Reached XP level 5. HP: 49/49 MP: 5/5
  1946 | D:3      | Noticed Natasha
  1953 | D:3      | Killed Natasha
  1953 | D:3      | Reached skill level 5 in Unarmed Combat
  2015 | D:3      | Noticed Natasha
  2063 | D:3      | Found a runed translucent door.
  2064 | D:3      | Noticed Crazy Yiuf
  2072 | D:3      | Killed Crazy Yiuf
  2151 | D:4      | Reached XP level 6. HP: 48/59 MP: 6/6
  2318 | D:4      | Learned a level 3 spell: Spider Form
  2378 | D:4      | Noticed Duvessa
  2382 | D:4      | Noticed Dowan
  2390 | D:4      | Killed Duvessa
  2390 | D:4      | Reached skill level 6 in Unarmed Combat
  2390 | D:4      | Reached XP level 7. HP: 48/67 MP: 7/7
  2397 | D:4      | Killed Dowan
  2469 | D:4      | Found Muepn's Jewellery Shop.
  2474 | D:4      | Found Lumono's Magic Scroll Shop.
  2476 | D:4      | Noticed Pikel
  2500 | D:4      | Killed Pikel
  2500 | D:4      | Reached skill level 7 in Unarmed Combat
  2500 | D:4      | Reached XP level 8. HP: 59/78 MP: 8/8
  2538 | D:4      | Bought a scroll of identify for 26 gold pieces
  2538 | D:4      | Bought a scroll of identify for 26 gold pieces
  2538 | D:4      | Bought a scroll of immolation for 45 gold pieces
  2538 | D:4      | Bought a scroll of identify for 26 gold pieces
  2538 | D:4      | Bought a scroll of identify for 26 gold pieces
  2598 | D:4      | Found Wamics's Weapon Boutique.
  2603 | D:4      | Noticed Menkaure
  2608 | D:4      | Killed Menkaure
  2968 | D:4      | Found a staircase to the Ecumenical Temple.
  2992 | Temple   | Entered the Ecumenical Temple
  3129 | Temple   | Became a worshipper of Ru the Awakened
  3263 | D:5      | Entered Level 5 of the Dungeon
  3265 | D:5      | You fall into a shaft and drop 1 floor!
  3379 | D:6      | Found a burning altar of Makhleb.
  3379 | D:6      | Noticed a cacodemon
  3454 | D:5      | Found Decirgho's Jewellery Shoppe.
  3502 | D:5      | Reached skill level 8 in Unarmed Combat
  3621 | D:5      | Found a blossoming altar of Fedhas.
  3770 | D:5      | Found a burning altar of Makhleb.
  3915 | D:5      | Found a shimmering blue altar of Sif Muna.
  4201 | D:6      | Gained mutation: You cannot train Dodging skill. [Ru
                  | sacrifice]
  4201 | D:6      | Reached * piety under Ru
  4212 | D:6      | Found an iron altar of Okawaru.
  4238 | D:6      | Reached XP level 9. HP: 87/87 MP: 9/9
  4341 | D:6      | Reached skill level 9 in Unarmed Combat
  4375 | D:6      | Learned a level 5 spell: Blade Hands
  4401 | D:6      | Reached skill level 5 in Fighting
  4935 | D:7      | Found a white marble altar of Elyvilon.
  5233 | D:7      | Reached skill level 5 in Transmutations
  5416 | D:8      | Noticed Erica
  5426 | D:8      | Killed Erica
  5426 | D:8      | Reached skill level 10 in Unarmed Combat
  5459 | D:8      | Gained mutation: You are clumsy. (Dex -2) [Ru sacrifice]
  5459 | D:8      | Reached ** piety under Ru
  5507 | D:8      | Reached XP level 10. HP: 37/98 MP: 10/10
  5706 | D:8      | Found Cilaneikuh's Distillery.
  5715 | D:8      | Bought a potion of mutation for 96 gold pieces
  5715 | D:8      | Bought a potion of lignification for 36 gold pieces
  5715 | D:8      | Bought a potion of might for 48 gold pieces
  6299 | D:8      | You fall into a shaft and drop 2 floors!
  6299 | D:10     | Entered Level 10 of the Dungeon
  6333 | D:10     | Reached skill level 11 in Unarmed Combat
  6357 | D:10     | Gained mutation: You cannot be stealthy. [Ru sacrifice]
  6569 | D:9      | Noticed a two-headed ogre
  6667 | D:9      | Noticed a cyclops
  6689 | D:9      | Slain by a cyclops

Levels and vault maps discovered:
D:1:      tarquinn_simple_flora_water_b, layout_basic
D:2:      layout_loops_ring, nicolae_overflow_hidden_temple
D:3:      layout_rooms, lemuel_crystal_altar, first_ration, uniq_natasha,
          uniq_crazy_yiuf_cottage
D:4:      layout_basic, minmay_temple_entry_nine_rooms, serial_shops,
          nicolae_shop_stone, kennysheep_mini_moat, shop, uniq_menkaure,
          uniq_duvessa, uniq_pikel
D:5:      layout_cave_pools, led_sif_book, basic_altar, serial_shops,
          nicolae_shop_trees, fedhas_altar_3
D:6:      layout_loops_corners, lemuel_doored_altar, makhleb_altar_promises_db
D:7:      layout_gridville, elyvilon_altar_5
D:8:      layout_layer_cave, serial_shops, shop, uniq_erica
D:9:      kennysheep_windowed_halls, layout_basic, erik_lair_island
D:10:     layout_small_grid, grunt_tengu_nest
Temple:   kb_temple_of_zot

Skill      XL: |  1  2  3  4  5  6  7  8  9 10 |
---------------+-------------------------------+-----
Fighting       | 1 2 3 4 6 |  6.6
Unarmed Combat | 4 5 6 7 8 10 11 | 11.4
Transmutations | 2 3 4 5 6 |  6.1
Dodging        | 0 |  0.0
Spellcasting   | |  1.2

Action                   |  1- 3 |  4- 6 |  7- 9 | 10-12 || total
-------------------------+-------+-------+-------+-------++-------
Melee: Unarmed           |   103 |   140 |   199 |   133 ||   575
       Punch             |     4 |     2 |     8 |     4 ||    18
Invok: Sacrifice Nimblen |       |       |     1 |       ||     1
       Sacrifice Purity  |       |       |     1 |       ||     1
       Sacrifice Stealth |       |       |       |     1 ||     1
Evoke: Wand              |       |     2 |     5 |     2 ||     9
  Use: Scroll            |       |     8 |     9 |     2 ||    19
       Potion            |       |     1 |       |       ||     1
 Stab: Sleeping          |     2 |       |     1 |       ||     3
       Distracted        |       |       |       |     1 ||     1
  Eat: Chunk             |    17 |    11 |    32 |    13 ||    73
       Ration            |       |       |       |     1 ||     1
Armor: Robe              |    48 |    35 |    67 |    30 ||   180
Dodge: Dodged            |    49 |    82 |    76 |    51 ||   258

Table legend:
 A = Non-vault XP
 B = Vault XP
 C = Vault XP percentage of total XP
 D = Non-vault monster count
 E = Vault monster count
 F = Vault count percentage of total count
                 A         B        C        D         E       F
            +---------+---------+-------+---------+---------+-------
      Total |    5241 |    2856 |  35.3 |     187 |      17 |   8.3
            +---------+---------+-------+---------+---------+-------
        D:1 |      31 |       0 |   0.0 |      18 |       0 |   0.0
        D:2 |      72 |       0 |   0.0 |      29 |       0 |   0.0
        D:3 |     178 |      77 |  30.2 |      35 |       2 |   5.4
        D:4 |     419 |    1041 |  71.3 |      13 |       4 |  23.5
        D:5 |     556 |      75 |  11.9 |      15 |       2 |  11.8
        D:6 |     803 |       0 |   0.0 |      22 |       0 |   0.0
        D:7 |     629 |       0 |   0.0 |      14 |       0 |   0.0
        D:8 |    1691 |     934 |  35.6 |      28 |       1 |   3.4
        D:9 |     227 |     729 |  76.3 |       3 |       8 |  72.7
       D:10 |     635 |       0 |   0.0 |      10 |       0 |   0.0
            +---------+---------+-------+---------+---------+-------
